Map: Blackpink LE

Players

Kozzy

  • Race: Protoss Protoss
  • League: Gold
  • Spawn Location: 7:00

Zzzz - Winner!

  • Race: Zerg Zerg
  • Spawn Location: 1:00

VOD

Have the link to the VOD?

Description

Time

  • Played on: April 4, 2018, 4:58 a.m.
  • Length: 12:27
Show
View Real Time Build Order
Export as new Build Order

Kozzy Protoss 

Build Orders:  

Get SALT Encoding   

  12  0:00  Probe  
  13  0:13  Probe  
  14  0:20  Pylon  
  14  0:25  Probe  
  15  0:38  Probe (Chrono Boost)  
  15  0:39  Gateway  
  17  0:50  Probe (Chrono Boost)  
  17  0:53  Assimilator  
  17  0:56  Probe (Chrono Boost)  
  18  1:04  Probe  
  19  1:18  Probe  
  20  1:34  Probe  
  21  1:42  Zealot (Chrono Boost)  
  21  1:43  Cybernetics Core  
  21  1:44  Gateway  
  23  1:49  Pylon  
  23  1:56  Forge  
  23  2:20  Warp Gate  
  23  2:29  Pylon, Shield Battery  
  23  2:37  Protoss Ground Weapons Level 1 (Chrono Boost)  
  23  2:38  Photon Cannon  
  23  2:45  Stalker (Chrono Boost)  
  23  2:49  Gateway  
  27  2:54  Zealot (Chrono Boost)  
  27  2:55  Pylon  
  27  3:16  Pylon  
  29  3:27  Zealot x2  
  31  3:34  Gateway  
  31  3:46  Pylon  
  31  3:58  Stalker  
  35  4:30  Pylon  
  33  4:41  Zealot x4  
  41  4:53  Gateway  
  41  5:02  Stalker x4  
  49  5:27  Zealot x2  
  49  5:28  Zealot x2  
  56  5:37  Twilight Council  
  56  5:38  Pylon  
  56  5:43  Gateway  
  56  5:53  Shield Battery  
  56  5:57  Probe  
  57  6:04  Photon Cannon  
  57  6:17  Zealot x3  
  57  6:18  Charge (Chrono Boost), Zealot  
  65  6:31  Protoss Ground Weapons Level 2 (Chrono Boost)  
  65  6:39  Stalker  
  67  6:59  Zealot x2  
  71  7:37  Photon Cannon  
  71  7:41  Pylon  
  71  7:42  Pylon  
  71  7:44  Pylon  
  71  8:00  Zealot x3  
  71  8:01  Zealot x2  
  81  8:28  Nexus  
  81  8:32  Shield Battery  
  33  9:31  Stalker x2  
  23  9:32  Stalker  
  23  9:34  Stalker x2  
  31  9:49  Dark Shrine  
  31  10:06  Assimilator  
  31  11:04  Dark Templar x3  
  37  11:27  Pylon  
  37  11:47  Gateway  
  37  11:50  Photon Cannon  
  37  11:52  Gateway  
  37  11:55  Dark Templar x2  
  37  11:59  Archon  
  37  12:00  Archon  
  41  12:02  Zealot  
  43  12:09  Pylon, Gateway  
  37  12:23  Zealot  
Show
View Real Time Build Order
Export as new Build Order

Zzzz Zerg - Winner!

Build Orders: Hatch First 

Get SALT Encoding   

  12  0:01  Drone  
  13  0:12  Overlord  
  13  0:18  Drone  
  14  0:31  Drone x2  
  14  0:34  Drone  
  17  0:53  Hatchery  
  17  0:56  Drone  
  17  0:58  Drone  
  17  1:02  Extractor  
  17  1:20  Spawning Pool  
  16  1:26  Drone x2  
  16  1:29  Drone  
  19  1:40  Overlord  
  19  1:50  Drone  
  20  2:05  Drone x2  
  20  2:07  Metabolic Boost  
  22  2:09  Queen  
  23  2:21  Queen  
  25  2:24  Drone x3  
  28  2:43  Drone  
  29  2:45  Overlord  
  29  2:47  Hatchery  
  28  2:53  Queen  
  30  3:02  Zergling x4  
  30  3:03  Zergling x2  
  33  3:07  Drone x2  
  35  3:13  Queen  
  37  3:21  Overlord  
  37  3:22  Drone x2  
  37  3:23  Drone  
  37  3:27  Overlord  
  40  3:32  Drone  
  41  3:42  Drone x6  
  47  3:50  Roach Warren  
  47  3:54  Spore Crawler  
  45  3:56  Spore Crawler  
  44  4:05  Zergling x4  
  44  4:06  Zergling x6  
  49  4:12  Drone  
  49  4:13  Drone x4  
  54  4:22  Extractor  
  53  4:32  Overlord  
  53  4:33  Roach x2  
  57  4:40  Overlord x3  
  57  4:48  Roach x2  
  61  5:02  Roach x3  
  67  5:43  Lair  
  67  5:44  Drone x6  
  67  5:45  Drone x8  
  67  5:46  Drone  
  82  5:52  Hatchery  
  82  5:55  Evolution Chamber  
  82  5:56  Spore Crawler  
  82  5:57  Evolution Chamber  
  78  6:13  Drone x3  
  78  6:14  Drone x5  
  86  6:18  Extractor  
  86  6:19  Extractor  
  86  6:20  Overlord x3  
  84  6:48  Spine Crawler  
  84  6:49  Glial Reconstitution  
  84  6:53  Hydralisk Den, Spine Crawler  
  81  7:00  Drone x3  
  81  7:01  Drone x5  
  89  7:02  Overlord x2  
  89  7:18  Queen  
  91  7:22  Zerg Missile Weapons Level 1  
  91  7:24  Zerg Ground Armor Level 1  
  91  7:25  Muscular Augments  
  91  7:29  Extractor, Overseer  
  90  7:36  Pneumatized Carapace, Spine Crawler  
  89  7:37  Overseer x2  
  89  8:10  Hydralisk  
  89  8:11  Hydralisk x11  
  113  8:38  Roach  
  113  8:39  Roach x11  
  119  8:49  Roach  
  119  8:50  Roach x5  
  119  8:55  Zergling x14  
  110  8:56  Zergling x10  
  108  9:04  Zergling x10  
  108  9:05  Zergling x8  
  105  9:21  Hydralisk x3  
  105  9:22  Roach x4  
  104  9:38  Queen  
  106  9:42  Drone x7  
  106  9:43  Drone x6  
  119  9:52  Ravager x5  
  123  10:13  Overlord  
  123  10:14  Overlord x3  
  123  10:19  Grooved Spines  
  123  10:23  Spire  
  108  11:06  Hydralisk x7, Roach x3  
  108  11:07  Roach x7  
  138  11:23  Overseer x3  
  136  11:26  Hydralisk x2  
  136  11:27  Hydralisk, Roach x2  
  142  11:34  Overseer x2  
  144  11:40  Zergling x14  
  149  11:55  Drone x2  
  149  11:56  Drone x3  
  149  11:59  Extractor  
  153  12:05  Infestation Pit  
Tags
 
League
Gold
Matchup
PvZ
Spawn Locations
Cross Positions
Add a new tag
Caveats
  • Supply blocks, unpowered buildings, or Contaminate may cause inaccurate times.
  • Supply counts are checked every 10 seconds.